Canucks vs Canadiens

Created - April-04-13 at 18:07

Goals
1 2 3 T
Canucks 2 1 1 4
Canadiens 1 0 0 1
Shots
1 2 3 T
Canucks 7 6 9 22
Canadiens 10 5 5 20

1st period

1. Canucks , Phil Kessel 21 (Alex Pietrangelo, Loui Eriksson) at 10:56
2. Canucks , Loui Eriksson 21 (Mikko Koivu, Alex Pietrangelo) at 14:18
3. Canadiens , Pavel Datsyuk 19 (Boyd Gordon) at 15:44

Penalties :
Mikko Koivu (VAN) for Hooking (Minor) at 0:48

2nd period

4. Canucks , Maxime Talbot 12 (Brooks Laich) at 13:34

Penalties :
Dmitry Kulikov (VAN) for Cross-checking (Minor) at 14:25

3rd period

5. Canucks , Corey Perry 19 (Brooks Laich, Loui Eriksson) at 18:35 (PP)

Penalties :
Travis Hamonic (MTL) for Hooking (Minor) at 6:51, Andrei Kostitsyn (MTL) for Roughing (Minor) at 11:26, Matt Carle (VAN) for Roughing (Minor) at 11:41, Andrei Kostitsyn (MTL) for Holding (Minor) at 15:29, Pavel Datsyuk (MTL) for Interference (Minor) at 18:25

Goalie Stats

Henrik Lundqvist (VAN), 19 saves from 20 shots - (0.950), W, 46-24-4, 60:00 minutes
Cam Ward (MTL), 18 saves from 22 shots - (0.818), L, 39-22-4, 60:00 minutes

Players Stats for Canucks

Player Name              G  A  P  +/- PIM S  H  SB GA TA FO     MP     PP MP  PK MP  
------------------------------------------------------------------------------------
Alex Pietrangelo         0  2  2   2  0   0  0  1  0  0  0/0    21:24   2:26   2:10 
Brandon Sutter           0  0  0   0  0   0  0  0  0  0  3/6     6:23   0:00   1:22 
Brooks Laich             0  2  2   1  0   3  3  0  0  0  11/28  18:33   2:35   2:23 
Corey Perry              1  0  1  -1  0   4  2  0  0  0  0/1    21:12   2:35   0:00 
Dmitry Kulikov           0  0  0   2  2   1  2  0  0  0  0/0    19:45   1:57   0:00 
Erik Karlsson            0  0  0   0  0   0  1  0  0  0  0/0    23:44   2:26   2:18 
Henrik Zetterberg        0  0  0  -1  0   4  0  0  0  0  0/0    18:57   1:48   0:00 
Kris Russell             0  0  0   0  0   0  1  0  0  0  0/0     4:35   0:00   0:00 
Loui Eriksson            1  2  3   2  0   3  0  0  0  0  2/4    18:26   2:35   0:28 
Marco Scandella          0  0  0   0  0   1  1  0  0  0  0/0    15:36   0:00   0:00 
Matt Carle               0  0  0   0  2   1  1  1  0  0  0/0    18:59   1:56   1:55 
Maxime Talbot            1  0  1   1  0   2  2  0  0  0  0/1    16:14   0:00   2:23 
Mikko Koivu              0  1  1   2  2   0  2  0  0  0  11/18  17:10   1:48   0:00 
Nick Foligno             0  0  0   0  0   0  0  0  0  0  0/0     4:55   0:00   1:22 
Phil Kessel              1  0  1   2  0   2  0  0  0  0  2/3    20:44   1:48   0:00 
Radek Martinek           0  0  0   0  0   0  0  0  0  0  0/0    15:55   0:00   2:03 
Ryan OReilly             0  0  0  -1  0   1  1  0  0  0  5/11   17:53   0:00   0:28 
Valtteri Filppula        0  0  0   1  0   0  0  0  0  0  0/1    13:35   0:00   0:00 

Players Stats for Canadiens

Player Name              G  A  P  +/- PIM S  H  SB GA TA FO     MP     PP MP  PK MP  
------------------------------------------------------------------------------------
Alec Martinez            0  0  0   0  0   0  3  1  0  0  0/0     6:56   0:00   0:44 
Andrei Kostitsyn         0  0  0  -1  4   2  2  0  0  0  0/1    14:55   0:00   0:00 
Andy McDonald            0  0  0   0  0   2  0  0  0  0  0/0    17:57   2:18   0:00 
Blake Wheeler            0  0  0  -2  0   1  3  0  0  0  0/1    17:11   1:55   0:00 
Boyd Gordon              0  1  1   1  0   1  0  0  0  0  5/9     6:46   0:00   1:44 
Brad Richards            0  0  0  -1  0   3  0  0  0  0  13/20  15:38   0:00   0:34 
Dennis Wideman           0  0  0   0  0   1  1  2  0  0  0/0    19:15   1:54   0:00 
Derek Morris             0  0  0  -2  0   2  4  0  0  0  0/0    15:28   0:00   1:50 
Dustin Byfuglien         0  0  0   0  0   0  5  0  0  0  0/0    16:32   2:19   0:00 
John Mitchell            0  0  0   1  0   0  2  0  0  0  0/0     4:50   0:00   0:44 
Jonathan Toews           0  0  0   0  0   3  1  1  0  0  14/23  21:43   2:18   3:05 
Jordan Eberle            0  0  0   0  0   0  0  0  0  0  0/0    17:46   2:18   0:00 
Kevin Klein              0  0  0  -2  0   0  0  1  0  0  0/0    15:51   0:00   2:13 
Logan Couture            0  0  0  -2  0   0  0  0  0  0  0/0    18:48   1:55   0:00 
Marc-Edouard Vlasic      0  0  0   0  0   1  0  2  0  0  0/0    24:41   2:19   2:33 
Mason Raymond            0  0  0  -1  0   0  1  0  0  0  0/1    14:57   0:00   0:00 
Pavel Datsyuk            1  0  1  -1  2   3  0  0  0  0  7/18   23:19   1:55   2:39 
Travis Hamonic           0  0  0   0  2   1  1  1  0  0  0/0    21:16   1:54   1:26 

3 Stars

1 - Loui Eriksson (VAN)
2 - Brooks Laich (VAN)
3 - Alex Pietrangelo (VAN)

Power Play

Canucks - 1 on 4 Attempt(s) - 25.00%
Canadiens - 0 on 3 Attempt(s) - 0.00%

Penalty Kill

Canucks - 3 on 3 Attempt(s) - 100.00% - Score 0 goal in Penalty Kill
Canadiens - 3 on 4 Attempt(s) - 75.00% - Score 0 goal in Penalty Kill

Official

Referees : Francis Charron and Mike Hasenfratz
Linesman : Darren Gibbs and Derek Nansen

Game Notes

No Game Note

Finance

Level 1 -- Attendance: 6500 (100.00%) -- Ticket Income $650,000
Level 2 -- Attendance: 4642 (92.84%) -- Ticket Income $278,520
Level 3 -- Attendance: 3500 (100.00%) -- Ticket Income $122,500
Level 4 -- Attendance: 2838 (53.82%) -- Ticket Income $42,570
Luxury Box -- Attendance: 1000 (100.00%) -- Ticket Income $175,000
Game was played at the Bell Centre
Total Attendance: 18480 (86.87%)
Total Ticket Income: $1,268,590
Other Income: $190,288
Total Income: $1,458,878


% Time on Ice - Canucks

Lines # - Real PCT - Wanted PCT - Time Play
Normal Forward
1 - 35% - 36% - 17:09
2 - 31% - 32% - 15:23
3 - 27% - 25% - 13:35
4 - 7% - 7% - 3:33
Normal Defense
1 - 34% - 34% - 16:48
2 - 30% - 31% - 15:08
3 - 28% - 28% - 13:52
4 - 8% - 7% - 3:52
PP Forward
1 - 41% - 54% - 1:48
2 - 59% - 46% - 2:35
PP Defense
1 - 56% - 55% - 2:26
2 - 44% - 45% - 1:57
PK Forward
1 - 68% - 60% - 2:51
2 - 32% - 40% - 1:22
PK Defense
1 - 51% - 60% - 2:10
2 - 49% - 40% - 2:03
PK3 Forward
1 - 0% - 54%
2 - 0% - 46%
PK3 Defense
1 - 0% - 55%
2 - 0% - 45%
44 Forward
1 - 85% - 56% - 1:28
2 - 15% - 44% - 0:16
44 Defense
1 - 41% - 60% - 0:43
2 - 59% - 40% - 1:01
Last Minute Offensive  - 0:00
Last Minute Defensive  - 0:00
Total
Forward - 60:00
Defense - 60:00

% Time on Ice - Canadiens

Lines # - Real PCT - Wanted PCT - Time Play
Normal Forward
1 - 31% - 30% - 15:16
2 - 31% - 30% - 15:21
3 - 30% - 30% - 14:57
4 - 8% - 10% - 4:06
Normal Defense
1 - 32% - 30% - 16:00
2 - 28% - 30% - 13:50
3 - 27% - 25% - 13:38
4 - 12% - 15% - 6:12
PP Forward
1 - 45% - 50% - 1:55
2 - 55% - 50% - 2:18
PP Defense
1 - 45% - 50% - 1:54
2 - 55% - 50% - 2:19
PK Forward
1 - 83% - 60% - 3:39
2 - 17% - 40% - 0:44
PK Defense
1 - 58% - 60% - 2:33
2 - 42% - 40% - 1:50
PK3 Forward
1 - 0% - 60%
2 - 0% - 40%
PK3 Defense
1 - 0% - 60%
2 - 0% - 40%
44 Forward
1 - 93% - 60% - 1:37
2 - 7% - 40% - 0:07
44 Defense
1 - 78% - 60% - 1:21
2 - 22% - 40% - 0:23
Last Minute Offensive  - 0:00
Last Minute Defensive  - 0:00
Total
Forward - 60:00
Defense - 60:00

Play by Play

1st period


0:01 of 1st period - Pavel Datsyuk wins face-off versus Ryan OReilly in neutral zone.
0:11 of 1st period - Shot by Ryan OReilly.
0:11 of 1st period - Stopped by Cam Ward without a rebound.
0:12 of 1st period - Mikko Koivu wins face-off versus Jonathan Toews in Canadiens zone.
0:48 of 1st period - Minor Penalty to Mikko Koivu for Hooking.
0:49 of 1st period - Pavel Datsyuk wins face-off versus Brooks Laich in Canucks zone.
0:54 of 1st period - Shot by Travis Hamonic.
0:54 of 1st period - Stopped by Henrik Lundqvist without a rebound.
0:55 of 1st period - Brooks Laich wins face-off versus Pavel Datsyuk in Canucks zone.
0:55 of 1st period - Brooks Laich is hit by Blake Wheeler.
1:05 of 1st period - Shot by Dennis Wideman.
1:05 of 1st period - Stopped by Henrik Lundqvist with a rebound.
1:07 of 1st period - Shot by Dennis Wideman.
1:07 of 1st period - Shot Blocked by Alex Pietrangelo.
1:09 of 1st period - Shot by Travis Hamonic.
1:09 of 1st period - Shot Misses the Net.
1:11 of 1st period - Shot by Travis Hamonic.
1:11 of 1st period - Shot Hit the Post.
1:13 of 1st period - Shot by Logan Couture.
1:13 of 1st period - Shot Misses the Net.
1:23 of 1st period - Shot by Blake Wheeler.
1:23 of 1st period - Stopped by Henrik Lundqvist without a rebound.
1:24 of 1st period - Jonathan Toews wins face-off versus Brooks Laich in Canucks zone.
1:27 of 1st period - Shot by Andy McDonald.
1:27 of 1st period - Stopped by Henrik Lundqvist without a rebound.
1:28 of 1st period - Brooks Laich wins face-off versus Jonathan Toews in Canucks zone.
1:34 of 1st period - Icing by Marc-Edouard Vlasic.
1:35 of 1st period - Jonathan Toews wins face-off versus Brooks Laich in Canadiens zone.
2:49 of 1st period - Alex Pietrangelo is hit by Andrei Kostitsyn and loses puck.
3:01 of 1st period - Henrik Zetterberg is hit by Derek Morris and loses puck.
3:08 of 1st period - Shot by Henrik Zetterberg.
3:08 of 1st period - Shot Misses the Net.
3:14 of 1st period - Shot by Henrik Zetterberg.
3:14 of 1st period - Stopped by Cam Ward with a rebound.
3:16 of 1st period - Shot by Corey Perry.
3:16 of 1st period - Shot Misses the Net.
3:18 of 1st period - Shot by Henrik Zetterberg.
3:18 of 1st period - Stopped by Cam Ward with a rebound.
3:37 of 1st period - Brad Richards is hit by Kris Russell.
4:11 of 1st period - Shot by Phil Kessel.
4:11 of 1st period - Shot Misses the Net.
4:45 of 1st period - Shot by Brooks Laich.
4:45 of 1st period - Shot Blocked by Travis Hamonic.
5:34 of 1st period - Icing by Brooks Laich.
5:35 of 1st period - Brad Richards wins face-off versus Valtteri Filppula in Canucks zone.
5:54 of 1st period - Shot by Brad Richards.
5:54 of 1st period - Stopped by Henrik Lundqvist without a rebound.
5:55 of 1st period - Jonathan Toews wins face-off versus Ryan OReilly in Canucks zone.
6:00 of 1st period - Shot by Jonathan Toews.
6:00 of 1st period - Stopped by Henrik Lundqvist without a rebound.
6:01 of 1st period - Jonathan Toews wins face-off versus Ryan OReilly in Canucks zone.
6:02 of 1st period - Shot by Andy McDonald.
6:02 of 1st period - Shot Misses the Net.
8:11 of 1st period - Shot by Boyd Gordon.
8:11 of 1st period - Shot Misses the Net.
8:13 of 1st period - Shot by Boyd Gordon.
8:13 of 1st period - Stopped by Henrik Lundqvist without a rebound.
8:14 of 1st period - Brooks Laich wins face-off versus Pavel Datsyuk in Canucks zone.
8:24 of 1st period - Logan Couture is hit by Maxime Talbot and loses puck.
8:33 of 1st period - Shot by Brooks Laich.
8:33 of 1st period - Stopped by Cam Ward with a rebound.
8:43 of 1st period - Shot by Valtteri Filppula.
8:43 of 1st period - Deflect By Maxime Talbot.
8:43 of 1st period - Stopped by Cam Ward without a rebound.
8:44 of 1st period - Jonathan Toews wins face-off versus Ryan OReilly in Canadiens zone.
9:11 of 1st period - Shot by Jonathan Toews.
9:11 of 1st period - Shot Misses the Net.
9:46 of 1st period - Marc-Edouard Vlasic is hit by Brooks Laich and loses puck.
10:34 of 1st period - Alex Pietrangelo is hit by Andrei Kostitsyn and loses puck.
10:56 of 1st period - Shot by Phil Kessel.
10:56 of 1st period - Goal by Phil Kessel - Canucks : 1 - Canadiens : 0.
10:57 of 1st period - Jonathan Toews wins face-off versus Brandon Sutter in neutral zone.
12:29 of 1st period - Off-side.
12:30 of 1st period - Brooks Laich wins face-off versus Brad Richards in neutral zone.
12:35 of 1st period - Icing by Marc-Edouard Vlasic.
12:36 of 1st period - Brad Richards wins face-off versus Brooks Laich in Canadiens zone.
12:54 of 1st period - Erik Karlsson is hit by Alec Martinez and loses puck.
13:12 of 1st period - Maxime Talbot is hit by Alec Martinez and loses puck.
14:18 of 1st period - Shot by Mikko Koivu.
14:18 of 1st period - Deflect By Loui Eriksson.
14:18 of 1st period - Goal by Loui Eriksson - Canucks : 2 - Canadiens : 0.
14:19 of 1st period - Ryan OReilly wins face-off versus Jonathan Toews in neutral zone.
14:58 of 1st period - Ryan OReilly is hit by Travis Hamonic and loses puck.
15:21 of 1st period - Shot by Brad Richards.
15:21 of 1st period - Shot Misses the Net.
15:28 of 1st period - Andrei Kostitsyn is hit by Marco Scandella and loses puck.
15:42 of 1st period - Icing by Radek Martinek.
15:43 of 1st period - Boyd Gordon wins face-off versus Corey Perry in Canucks zone.
15:44 of 1st period - Shot by Pavel Datsyuk.
15:44 of 1st period - Goal by Pavel Datsyuk - Canucks : 2 - Canadiens : 1.
15:45 of 1st period - Mikko Koivu wins face-off versus Boyd Gordon in neutral zone.
15:45 of 1st period - Alex Pietrangelo is hit by John Mitchell.
15:56 of 1st period - Off-side.
15:57 of 1st period - Brad Richards wins face-off versus Brooks Laich in neutral zone.
16:10 of 1st period - Icing by Brad Richards.
16:11 of 1st period - Brad Richards wins face-off versus Mikko Koivu in Canadiens zone.
16:11 of 1st period - Brad Richards is hit by Mikko Koivu.
16:24 of 1st period - Icing by Dmitry Kulikov.
16:25 of 1st period - Pavel Datsyuk wins face-off versus Mikko Koivu in Canucks zone.
16:46 of 1st period - Loui Eriksson is hit by Blake Wheeler and loses puck.
16:56 of 1st period - Blake Wheeler is hit by Dmitry Kulikov and loses puck.
17:38 of 1st period - Jordan Eberle is hit by Matt Carle and loses puck.
17:57 of 1st period - Shot by Jonathan Toews.
17:57 of 1st period - Stopped by Henrik Lundqvist without a rebound.
17:58 of 1st period - Brad Richards wins face-off versus Brooks Laich in Canucks zone.
18:19 of 1st period - Shot by Andrei Kostitsyn.
18:19 of 1st period - Shot Misses the Net.
18:27 of 1st period - Shot by Dennis Wideman.
18:27 of 1st period - Shot Misses the Net.
18:31 of 1st period - Shot by Andrei Kostitsyn.
18:31 of 1st period - Shot Misses the Net.
18:33 of 1st period - Shot by Brad Richards.
18:33 of 1st period - Shot Misses the Net.
18:52 of 1st period - Icing by Valtteri Filppula.
18:53 of 1st period - Boyd Gordon wins face-off versus Brooks Laich in Canucks zone.
19:09 of 1st period - Brooks Laich is hit by Alec Martinez and loses puck.
19:15 of 1st period - Off-side.
19:16 of 1st period - Jonathan Toews wins face-off versus Mikko Koivu in neutral zone.
19:39 of 1st period - Shot by Jonathan Toews.
19:39 of 1st period - Stopped by Henrik Lundqvist with a rebound.

2nd period


0:01 of 2nd period - Pavel Datsyuk wins face-off versus Ryan OReilly in neutral zone.
0:19 of 2nd period - Shot by Erik Karlsson.
0:19 of 2nd period - Shot Blocked by Marc-Edouard Vlasic.
0:21 of 2nd period - Shot by Matt Carle.
0:21 of 2nd period - Stopped by Cam Ward without a rebound.
0:22 of 2nd period - Brad Richards wins face-off versus Loui Eriksson in Canadiens zone.
0:30 of 2nd period - Icing by Alex Pietrangelo.
0:31 of 2nd period - Pavel Datsyuk wins face-off versus Mikko Koivu in Canucks zone.
2:36 of 2nd period - Shot by Brooks Laich.
2:36 of 2nd period - Shot Misses the Net.
2:38 of 2nd period - Shot by Brooks Laich.
2:38 of 2nd period - Stopped by Cam Ward with a rebound.
3:20 of 2nd period - Icing by Travis Hamonic.
3:21 of 2nd period - Brad Richards wins face-off versus Mikko Koivu in Canadiens zone.
3:25 of 2nd period - Dennis Wideman is hit by Mikko Koivu and loses puck.
5:09 of 2nd period - Icing by Radek Martinek.
5:10 of 2nd period - Brad Richards wins face-off versus Brooks Laich in Canucks zone.
5:21 of 2nd period - Shot by Maxime Talbot.
5:21 of 2nd period - Shot Misses the Net.
5:37 of 2nd period - Shot by Andrei Kostitsyn.
5:37 of 2nd period - Stopped by Henrik Lundqvist without a rebound.
5:38 of 2nd period - Mikko Koivu wins face-off versus Boyd Gordon in Canucks zone.
6:05 of 2nd period - Shot by Andy McDonald.
6:05 of 2nd period - Stopped by Henrik Lundqvist with a rebound.
7:04 of 2nd period - Icing by Loui Eriksson.
7:05 of 2nd period - Mikko Koivu wins face-off versus Blake Wheeler in Canucks zone.
7:52 of 2nd period - Shot by Derek Morris.
7:52 of 2nd period - Stopped by Henrik Lundqvist without a rebound.
7:53 of 2nd period - Brooks Laich wins face-off versus Jonathan Toews in Canucks zone.
7:53 of 2nd period - Brooks Laich is hit by Jonathan Toews.
7:58 of 2nd period - Valtteri Filppula is hit by Dennis Wideman and loses puck.
8:12 of 2nd period - Off-side.
8:13 of 2nd period - Ryan OReilly wins face-off versus Brad Richards in neutral zone.
8:16 of 2nd period - Derek Morris is hit by Corey Perry and loses puck.
8:39 of 2nd period - Shot by Henrik Zetterberg.
8:39 of 2nd period - Stopped by Cam Ward without a rebound.
8:40 of 2nd period - Boyd Gordon wins face-off versus Brooks Laich in Canadiens zone.
9:02 of 2nd period - Shot by Pavel Datsyuk.
9:02 of 2nd period - Shot Misses the Net.
9:04 of 2nd period - Shot by Pavel Datsyuk.
9:04 of 2nd period - Shot Misses the Net.
10:09 of 2nd period - Shot by Henrik Zetterberg.
10:09 of 2nd period - Shot Misses the Net.
10:51 of 2nd period - Shot by Phil Kessel.
10:51 of 2nd period - Stopped by Cam Ward without a rebound.
10:52 of 2nd period - Brad Richards wins face-off versus Brooks Laich in Canadiens zone.
11:24 of 2nd period - Shot by Brooks Laich.
11:24 of 2nd period - Stopped by Cam Ward without a rebound.
11:25 of 2nd period - Mikko Koivu wins face-off versus Pavel Datsyuk in Canadiens zone.
13:34 of 2nd period - Shot by Maxime Talbot.
13:34 of 2nd period - Goal by Maxime Talbot - Canucks : 3 - Canadiens : 1.
13:35 of 2nd period - Brandon Sutter wins face-off versus Brad Richards in neutral zone.
13:54 of 2nd period - Shot by Brad Richards.
13:54 of 2nd period - Stopped by Henrik Lundqvist without a rebound.
13:55 of 2nd period - Pavel Datsyuk wins face-off versus Brooks Laich in Canucks zone.
14:03 of 2nd period - Pavel Datsyuk is hit by Dmitry Kulikov and loses puck.
14:25 of 2nd period - Minor Penalty to Dmitry Kulikov for Cross-checking.
14:26 of 2nd period - Brooks Laich wins face-off versus Jonathan Toews in Canucks zone.
14:38 of 2nd period - Off-side.
14:39 of 2nd period - Brooks Laich wins face-off versus Pavel Datsyuk in neutral zone.
14:48 of 2nd period - Marc-Edouard Vlasic is hit by Brooks Laich and loses puck.
16:27 of 2nd period - Shot by Jonathan Toews.
16:27 of 2nd period - Shot Misses the Net.
16:29 of 2nd period - Shot by Andrei Kostitsyn.
16:29 of 2nd period - Stopped by Henrik Lundqvist without a rebound.
16:30 of 2nd period - Mikko Koivu wins face-off versus Brad Richards in Canucks zone.
16:30 of 2nd period - Mikko Koivu is hit by Mason Raymond.
16:45 of 2nd period - Phil Kessel is hit by Derek Morris.
19:26 of 2nd period - Shot by Brandon Sutter.
19:26 of 2nd period - Shot Misses the Net.
19:28 of 2nd period - Shot by Nick Foligno.
19:28 of 2nd period - Deflect By Phil Kessel.
19:28 of 2nd period - Shot Misses the Net.

3rd period


0:01 of 3rd period - Ryan OReilly wins face-off versus Pavel Datsyuk in neutral zone.
0:05 of 3rd period - Erik Karlsson is hit by Dustin Byfuglien and loses puck.
0:13 of 3rd period - Icing by Dustin Byfuglien.
0:14 of 3rd period - Phil Kessel wins face-off versus Pavel Datsyuk in Canadiens zone.
0:51 of 3rd period - Shot by Loui Eriksson.
0:51 of 3rd period - Stopped by Cam Ward without a rebound.
0:52 of 3rd period - Brad Richards wins face-off versus Ryan OReilly in Canadiens zone.
1:33 of 3rd period - Icing by Derek Morris.
1:34 of 3rd period - Loui Eriksson wins face-off versus Andrei Kostitsyn in Canadiens zone.
1:35 of 3rd period - Shot by Mikko Koivu.
1:35 of 3rd period - Shot Misses the Net.
2:11 of 3rd period - Shot by Pavel Datsyuk.
2:11 of 3rd period - Stopped by Henrik Lundqvist without a rebound.
2:12 of 3rd period - Jonathan Toews wins face-off versus Brooks Laich in Canucks zone.
2:29 of 3rd period - Icing by Maxime Talbot.
2:30 of 3rd period - Brooks Laich wins face-off versus Pavel Datsyuk in Canucks zone.
2:34 of 3rd period - Brooks Laich is hit by Dustin Byfuglien.
4:27 of 3rd period - Matt Carle is hit by Derek Morris and loses puck.
4:44 of 3rd period - Shot by Jonathan Toews.
4:44 of 3rd period - Shot Misses the Net.
4:48 of 3rd period - Shot by Jonathan Toews.
4:48 of 3rd period - Shot Misses the Net.
4:50 of 3rd period - Shot by Jordan Eberle.
4:50 of 3rd period - Shot Misses the Net.
4:52 of 3rd period - Shot by Andy McDonald.
4:52 of 3rd period - Shot Misses the Net.
4:54 of 3rd period - Shot by Andy McDonald.
4:54 of 3rd period - Shot Blocked by Matt Carle.
4:56 of 3rd period - Shot by Derek Morris.
4:56 of 3rd period - Stopped by Henrik Lundqvist without a rebound.
4:57 of 3rd period - Mikko Koivu wins face-off versus Boyd Gordon in Canucks zone.
4:57 of 3rd period - Mikko Koivu is hit by John Mitchell.
5:00 of 3rd period - Icing by Alex Pietrangelo.
5:01 of 3rd period - Mikko Koivu wins face-off versus Pavel Datsyuk in Canucks zone.
5:46 of 3rd period - Shot by Loui Eriksson.
5:46 of 3rd period - Stopped by Cam Ward with a rebound.
5:57 of 3rd period - Icing by Marc-Edouard Vlasic.
5:58 of 3rd period - Brooks Laich wins face-off versus Pavel Datsyuk in Canadiens zone.
6:32 of 3rd period - Icing by Travis Hamonic.
6:33 of 3rd period - Brad Richards wins face-off versus Brandon Sutter in Canadiens zone.
6:37 of 3rd period - Off-side.
6:38 of 3rd period - Jonathan Toews wins face-off versus Loui Eriksson in neutral zone.
6:51 of 3rd period - Minor Penalty to Travis Hamonic for Hooking.
6:52 of 3rd period - Jonathan Toews wins face-off versus Brooks Laich in Canadiens zone.
7:30 of 3rd period - Off-side.
7:31 of 3rd period - Boyd Gordon wins face-off versus Mikko Koivu in neutral zone.
8:47 of 3rd period - Shot by Erik Karlsson.
8:47 of 3rd period - Shot Blocked by Marc-Edouard Vlasic.
8:49 of 3rd period - Shot by Erik Karlsson.
8:49 of 3rd period - Shot Blocked by Alec Martinez.
8:51 of 3rd period - Shot by Loui Eriksson.
8:51 of 3rd period - Shot Misses the Net.
8:53 of 3rd period - Shot by Marco Scandella.
8:53 of 3rd period - Stopped by Cam Ward without a rebound.
8:54 of 3rd period - Brad Richards wins face-off versus Brooks Laich in Canadiens zone.
9:02 of 3rd period - Off-side.
9:03 of 3rd period - Ryan OReilly wins face-off versus Brad Richards in neutral zone.
9:12 of 3rd period - Shot by Corey Perry.
9:12 of 3rd period - Deflect By Henrik Zetterberg.
9:12 of 3rd period - Stopped by Cam Ward with a rebound.
9:14 of 3rd period - Shot by Corey Perry.
9:14 of 3rd period - Stopped by Cam Ward without a rebound.
9:15 of 3rd period - Mikko Koivu wins face-off versus Pavel Datsyuk in Canadiens zone.
9:18 of 3rd period - Shot by Loui Eriksson.
9:18 of 3rd period - Shot Blocked by Dennis Wideman.
9:22 of 3rd period - Shot by Mikko Koivu.
9:22 of 3rd period - Shot Misses the Net.
9:24 of 3rd period - Shot by Mikko Koivu.
9:24 of 3rd period - Shot Blocked by Dennis Wideman.
10:39 of 3rd period - Shot by Henrik Zetterberg.
10:39 of 3rd period - Shot Blocked by Jonathan Toews.
11:07 of 3rd period - Off-side.
11:08 of 3rd period - Brooks Laich wins face-off versus Mason Raymond in neutral zone.
11:16 of 3rd period - Valtteri Filppula is hit by Derek Morris and loses puck.
11:26 of 3rd period - Minor Penalty to Andrei Kostitsyn for Roughing.
11:27 of 3rd period - Jonathan Toews wins face-off versus Brooks Laich in Canadiens zone.
11:27 of 3rd period - Jonathan Toews is hit by Brooks Laich.
11:38 of 3rd period - Off-side.
11:39 of 3rd period - Jonathan Toews wins face-off versus Phil Kessel in neutral zone.
11:41 of 3rd period - Minor Penalty to Matt Carle for Roughing.
11:42 of 3rd period - Brandon Sutter wins face-off versus Jonathan Toews in Canucks zone.
11:49 of 3rd period - Shot by Corey Perry.
11:49 of 3rd period - Stopped by Cam Ward without a rebound.
11:50 of 3rd period - Jonathan Toews wins face-off versus Brandon Sutter in Canadiens zone.
12:24 of 3rd period - Shot by Corey Perry.
12:24 of 3rd period - Stopped by Cam Ward without a rebound.
12:25 of 3rd period - Jonathan Toews wins face-off versus Maxime Talbot in Canadiens zone.
12:38 of 3rd period - Shot by Jonathan Toews.
12:38 of 3rd period - Shot Misses the Net.
12:40 of 3rd period - Shot by Marc-Edouard Vlasic.
12:40 of 3rd period - Stopped by Henrik Lundqvist without a rebound.
12:41 of 3rd period - Brandon Sutter wins face-off versus Boyd Gordon in Canucks zone.
12:48 of 3rd period - Boyd Gordon is hit by Corey Perry.
13:59 of 3rd period - Icing by Mason Raymond.
14:00 of 3rd period - Brad Richards wins face-off versus Brooks Laich in Canadiens zone.
14:00 of 3rd period - Brad Richards is hit by Maxime Talbot.
14:11 of 3rd period - Shot by Brad Richards.
14:11 of 3rd period - Stopped by Henrik Lundqvist without a rebound.
14:12 of 3rd period - Pavel Datsyuk wins face-off versus Mikko Koivu in Canucks zone.
14:23 of 3rd period - Shot by Pavel Datsyuk.
14:23 of 3rd period - Stopped by Henrik Lundqvist without a rebound.
14:24 of 3rd period - Ryan OReilly wins face-off versus Jonathan Toews in Canucks zone.
14:45 of 3rd period - Jonathan Toews is hit by Erik Karlsson and loses puck.
15:01 of 3rd period - Andy McDonald is hit by Ryan OReilly.
15:26 of 3rd period - Icing by Alex Pietrangelo.
15:27 of 3rd period - Mikko Koivu wins face-off versus Brad Richards in Canucks zone.
15:29 of 3rd period - Minor Penalty to Andrei Kostitsyn for Holding.
15:30 of 3rd period - Mikko Koivu wins face-off versus Jonathan Toews in Canadiens zone.
15:31 of 3rd period - Shot by Alex Pietrangelo.
15:31 of 3rd period - Shot Misses the Net.
16:40 of 3rd period - Shot by Dmitry Kulikov.
16:40 of 3rd period - Stopped by Cam Ward without a rebound.
16:41 of 3rd period - Boyd Gordon wins face-off versus Brooks Laich in Canadiens zone.
17:00 of 3rd period - Shot by Matt Carle.
17:00 of 3rd period - Shot Misses the Net.
17:02 of 3rd period - Shot by Loui Eriksson.
17:02 of 3rd period - Shot Misses the Net.
17:23 of 3rd period - Icing by Phil Kessel.
17:24 of 3rd period - Phil Kessel wins face-off versus Brad Richards in Canucks zone.
17:41 of 3rd period - Shot by Phil Kessel.
17:41 of 3rd period - Shot Misses the Net.
17:46 of 3rd period - Shot by Nick Foligno.
17:46 of 3rd period - Shot Misses the Net.
17:54 of 3rd period - Shot by Phil Kessel.
17:54 of 3rd period - Shot Misses the Net.
18:03 of 3rd period - Shot by Nick Foligno.
18:03 of 3rd period - Shot Misses the Net.
18:25 of 3rd period - Minor Penalty to Pavel Datsyuk for Interference.
18:26 of 3rd period - Loui Eriksson wins face-off versus Jonathan Toews in Canadiens zone.
18:33 of 3rd period - Shot by Brooks Laich.
18:33 of 3rd period - Shot Misses the Net.
18:35 of 3rd period - Shot by Corey Perry.
18:35 of 3rd period - Goal by Corey Perry - Canucks : 4 - Canadiens : 1.
18:36 of 3rd period - Brooks Laich wins face-off versus Pavel Datsyuk in neutral zone.
18:40 of 3rd period - Alex Pietrangelo is hit by Blake Wheeler.
18:57 of 3rd period - Maxime Talbot is hit by Dustin Byfuglien and loses puck.
19:09 of 3rd period - Maxime Talbot is hit by Dustin Byfuglien and loses puck.
19:17 of 3rd period - Brooks Laich is hit by Dustin Byfuglien and loses puck.
19:56 of 3rd period - Shot by Henrik Zetterberg.
19:56 of 3rd period - Shot Blocked by Kevin Klein.


Output by the SimonT Hockey Simulator (STHS) for Stephane Roy -- Original Page W3C XHTML 1.0 Valid
Hockey Simulator - Hockey Simulation - Hockey Manager